 Dungeon Crawl Stone Soup version 0.30-a0-672-gc3a7216ad8 (webtiles) character file.

Game seed: 16260957212055147419

1281 Dittersdorf the Covered (level 8, -2/52 HPs)
             Began as a Gargoyle Fighter on Jan 18, 2023.
             Slain by Maggie
             ... wielding a +0 halberd of flaming
              (15 damage)
             ... on level 6 of the Dungeon.
             The game lasted 00:06:34 (5175 turns).

Dittersdorf the Covered (Gargoyle Fighter)          Turns: 5175, Time: 00:06:34

Health: -2/52      AC: 17    Str: 21    XL:     8   Next: 54%
Magic:  8/8        EV:  9    Int: 10    God:
Gold:   262        SH:  5    Dex:  9    Spells: 7/7 levels left

rFire   . . .      SeeInvis .    s - +0 morningstar
rCold   . . .      Faith    .    c - +0 buckler
rNeg    + + .      Spirit   .    b - +0 scale mail
rPois   ∞          Reflect  .    y - +0 helmet
rElec   +          Harm     .    o - +2 cloak
rCorr   .          Rampage  .    (no gloves)
Will    .....                    (no boots) Stlth
                                 (no amulet)
HPRegen 0.28/turn                i - ring of positive energy
MPRegen 0.11/turn                (no ring)

@: mighty, mesmerised
A: sickness immunity, AC +5, negative energy resistance 1, electricity
resistance, torment resistance 1, petrification resistance
a: no special abilities


You were on level 6 of the Dungeon.
You visited 1 branch of the dungeon, and saw 6 of its levels.

You collected 276 gold pieces.
You spent 14 gold pieces at shops.

Inventory:

Hand Weapons
 s - a +0 morningstar (weapon)
Missiles
 t - a poisoned dart (quivered)
Armour
 b - a +0 scale mail (worn)
 c - a +0 buckler (worn)
 o - a +2 cloak (worn)
 y - a +0 helmet (worn)
Jewellery
 i - a ring of positive energy (left hand)
Wands
 a - a wand of flame (12)
Scrolls
 g - a scroll of fear
 h - 2 scrolls of magic mapping {unknown}
 l - a scroll of butterflies {unknown}
 m - a scroll of enchant weapon
 r - a scroll of fog
 u - a scroll of immolation {unknown}
 v - 3 scrolls of vulnerability {unknown}
 x - a scroll of noise {unknown}
 z - 2 scrolls of teleportation {unknown}
 A - 2 scrolls of poison
 B - 2 scrolls of silence {unknown}
Potions
 e - 3 potions of cancellation
 f - 4 potions of flight
 j - a potion of resistance {unknown}
 k - a potion of heal wounds {unknown}
 n - a potion of attraction {unknown}
 p - a potion of curing
 q - 3 potions of ambrosia
 C - a potion of berserk rage


   Skills:
 + Level 6.3 Fighting
 + Level 5.3 Maces & Flails
 + Level 6.4 Armour
 + Level 6.4 Shields


You had 7 spell levels left.
You didn't know any spells.
Your spell library contained the following spells:

 Spells                   Type           Power      Damage    Failure   Level
 Chain Lightning          Conj/Air       0%         N/A       100%        9
 Fire Storm               Conj/Fire      0%         5d1       100%        9
 Shatter                  Erth           0%         3d5*      100%        9


Dungeon Overview and Level Annotations

Branches:
Dungeon (6/15)
 Temple: D:4-7

Altars:
Ashenzari
Qazlal
Ru
Trog
Yredelemnul

Shops:
D:2 =   D:6 (!(

Annotations:
D:3 3 runed translucent doors, bmack86's ghost, amateur MiFi
D:6 3 runed translucent doors, Maggie; jlumianski's ghost, novice DsFi


Innate Abilities, Weirdness & Mutations

You are immune to sickness and miasma.
Your stone body is resilient. (AC +5)
You are immune to poison.
You resist negative energy. (rN+)
You are resistant to electric shocks. (rElec)
You are resistant to unholy torment.
You are immune to petrification.


Message History

Maggie closely misses you.
You completely miss Maggie.
Maggie is moderately wounded.
Maggie gestures wildly while chanting.
Maggie attempts to bespell you! You resist.
You closely miss Maggie.
Maggie is moderately wounded.
Maggie mumbles some strange words.
Maggie attempts to bespell you!
You are mesmerised by Maggie!
You block Maggie's attack.
You closely miss Maggie.
Maggie is moderately wounded.
Maggie hits you but does no damage.
You impale Maggie!!
Maggie is heavily wounded.
Maggie closely misses you.
You sock Maggie!
Maggie is severely wounded.
Maggie hits you but does no damage.
You closely miss Maggie.
Maggie is severely wounded.
Maggie hits you but does no damage.
Maggie mumbles some strange words.
Maggie draws you further into her thrall.
You barely miss Maggie.
Maggie is severely wounded.
Maggie barely misses you.
You closely miss Maggie.
Maggie is severely wounded.
Maggie hits you but does no damage.
You closely miss Maggie.
Maggie is severely wounded.
Maggie misses you.
You hit Maggie.
Maggie is almost dead.
Maggie casts a spell.
Maggie draws you further into her thrall.
Maggie hits you with a +0 halberd of flaming!
You die...

8.8.8...........#.W...((#
................#.(.(...
###.............#
#####......#### ###..#..#
#..###.## #.## ##.## ..
##.## . ##@# ##@# #.# #.#
..# ..# ..# #.(


You could see Maggie (mesmerising).

Vanquished Creatures
  Grinder (D:3)
  Eustachio (D:6)
  An ice beast (D:6)
  3 phantoms
  Blork the orc (D:6)
  2 scorpions
  An orc priest (D:4)
  2 hounds
  Crazy Yiuf (D:2)
  Jessica (D:2)
  Ijyb (D:4)
  An iguana (D:5)
  3 orc wizards (D:4)
  Robin (D:4)
  6 adders
  3 ufetubi
  2 dart slugs
  A worm (D:3)
  9 orcs
  8 ball pythons
  5 endoplasms
  A giant cockroach (D:2)
  15 goblins
  10 hobgoblins
  5 kobolds
  4 quokkas
  3 bats
  4 frilled lizards
  6 rats
102 creatures vanquished.

Vanquished Creatures (others)
  9 plants (D:1)
9 creatures vanquished.

Grand Total: 111 creatures vanquished

Notes
Turn   | Place    | Note
-------+----------+-------------------------------------------
     0 | D:1      | Dittersdorf the Gargoyle Fighter began the quest for the
                  | Orb.
     0 | D:1      | Reached XP level 1. HP: 14/14 MP: 1/1
   289 | D:1      | Reached XP level 2. HP: 17/19 MP: 2/2
   868 | D:2      | Found Budinlink's Jewellery Boutique.
   873 | D:2      | Reached XP level 3. HP: 24/24 MP: 3/3
  1053 | D:2      | Noticed Jessica
  1075 | D:2      | Killed Jessica
  1076 | D:2      | Reached XP level 4. HP: 26/29 MP: 4/4
  1261 | D:2      | Found a runed translucent door.
  1262 | D:2      | Noticed Crazy Yiuf
  1429 | D:2      | Killed Crazy Yiuf
  1611 | D:3      | Found a runed translucent gate.
  1612 | D:3      | Found a runed translucent gate.
  1613 | D:3      | Found a runed translucent gate.
  1615 | D:3      | Noticed bmack86's ghost (amateur MiFi)
  1629 | D:3      | Reached XP level 5. HP: 33/33 MP: 5/5
  1912 | D:3      | Found a sacrificial altar of Ru.
  1917 | D:3      | Found a stormy altar of Qazlal.
  1917 | D:3      | Found a basalt altar of Yredelemnul.
  2097 | D:3      | Found a faded altar of an unknown god.
  2102 | D:3      | Found a bloodstained altar of Trog.
  2702 | D:3      | Found a broken altar of Ashenzari.
  3020 | D:4      | Noticed Grinder
  3027 | D:4      | Paralysed by Grinder for 3 turns
  3048 | D:3      | Paralysed by Grinder for 5 turns
  3054 | D:3      | Killed Grinder
  3055 | D:3      | Reached XP level 6. HP: 24/40 MP: 6/6
  3176 | D:4      | Noticed Ijyb
  3189 | D:4      | Killed Ijyb
  3190 | D:4      | Reached skill level 5 in Armour
  3190 | D:4      | Reached skill level 5 in Shields
  3193 | D:4      | Reached skill level 5 in Fighting
  3193 | D:4      | Reached XP level 7. HP: 14/44 MP: 7/7
  3559 | D:4      | Noticed Robin
  3702 | D:4      | Killed Robin
  3932 | D:5      | Entered Level 5 of the Dungeon
  4523 | D:5      | Reached XP level 8. HP: 46/51 MP: 8/8
  4861 | D:6      | Found Tetituti's Distillery.
  4865 | D:6      | Bought a potion of degeneration for 14 gold pieces
  4886 | D:6      | Found Roukorun's Antique Weapon Boutique.
  4946 | D:6      | Noticed Blork the orc
  4953 | D:6      | Killed Blork the orc
  4954 | D:6      | Reached skill level 5 in Maces & Flails
  4987 | D:6      | Noticed Eustachio
  5034 | D:6      | Killed Eustachio
  5071 | D:6      | Found Taravap's Weapon Shop.
  5086 | D:6      | Found a runed translucent gate.
  5086 | D:6      | Found a runed translucent gate.
  5125 | D:6      | Found a runed translucent gate.
  5136 | D:6      | Noticed jlumianski's ghost (novice DsFi)
  5147 | D:6      | Noticed Maggie
  5175 | D:6      | Slain by Maggie

Illustrated notes

Levels and vault maps discovered:
D:1:      nzn_arrival_crosshair, layout_loops_ring, serial_forest,
          infiniplex_forest_clump_double, infiniplex_forest_straight_2,
          infiniplex_forest_lined_ring, infiniplex_forest_clump_curved,
          infiniplex_forest_clump_double, infiniplex_forest_clump_C,
          infiniplex_forest_lined_ring, infiniplex_forest_lined_2
D:2:      layout_rooms, serial_shops, nicolae_shop_hallway_plus,
          uniq_crazy_yiuf_cottage, uniq_jessica
D:3:      layout_basic, nicolae_overflow_ecumenical_swirl,
          lemuel_coloured_pillars_altar, minitemple, ebering_ghost_rock_garden,
          serial_co_window_serial, co_window_paths_a, co_window_cross_1,
          co_window_paths_b, co_window_paths_a, co_window_paths_a,
          co_window_corner_a, co_window_cross_1, co_window_corner_a,
          co_window_of_opportunity_a, co_window_of_opportunity_c,
          co_window_corner_cb, co_window_broadway_c, co_window_unsneaky_path_a
D:4:      layout_cave_pools, hangedman_minor_gate_pass, uniq_robin,
          uniq_grinder, uniq_ijyb
D:5:      layout_basic, reono_crystal_passage
D:6:      layout_cave_pods, mainiacjoe_overflow_alcove_2, lemuel_crystal_altar,
          serial_shops, kennysheep_mini_moat, shop, nicolae_stop_n_shop_2,
          nicolae_shop_temple_entry_statues_fountains,
          ebering_ghost_rock_garden, uniq_blork_the_orc, uniq_maggie,
          uniq_eustachio

Skill      XL: |  1  2  3  4  5  6  7  8 |
---------------+-------------------------+-----
Armour         | 4 5 6 |  6.4
Shields        | 4 5 6 |  6.4
Fighting       | 4 5 6 |  6.3
Maces & Flails | 3 4 5 |  5.3

Action                   |  1- 3 |  4- 6 |  7- 9 || total
-------------------------+-------+-------+-------++-------
Melee: Flail             |    96 |   130 |       ||   226
       Morningstar       |       |    13 |   206 ||   219
Throw: Dart              |       |       |    13 ||    13
  Use: Scroll            |       |     8 |     1 ||     9
       Potion            |       |       |     1 ||     1
Armor: Scale mail        |    35 |    81 |   143 ||   259
Dodge: Dodged            |    48 |    59 |    91 ||   198
Block: Buckler           |    19 |    25 |    49 ||    93

Table legend: (Time is in decaauts)
 A = Elapsed time spent in this place.
 B = Non-inter-level travel time spent in this place.
 C = Inter-level travel time spent in this place.
 D = Time resting spent in this place.
 E = Time spent auto-exploring this place.
 F = Levels seen in this place.
 G = Mean time per level.
                   A        B        C        D        E       F      G
               +--------+--------+--------+--------+--------+-----+--------+
         Total |   5313 |   5117 |    196 |    392 |   3586 |   6 |  885.5 |
       Dungeon |   5313 |   5117 |    196 |    392 |   3586 |   6 |  885.5 |
               +--------+--------+--------+--------+--------+-----+--------+

Top non-repeatable levels by time:
     D:3: 1522 daAuts
     D:4: 931 daAuts
     D:5: 927 daAuts
     D:1: 910 daAuts
     D:2: 685 daAuts
     D:6: 336 daAuts
